Arrhythmia, chaotic female vampiric Convict -------- |...<[.|##########################%##(###################### |.....)[%)#######------------------.--------------# -----# ----|---# #|.|..+..|..|....|%.-..|).|..|....## #....|# ##### #|.|..|..|..|....|.(|..|..-..|...|####|...|### #|.--+-----+-....--)-----+----...|####|...| # #|................%.....@@....F..|# ##+...| ### ----- ###|.-|---|----.....%.-)--------...|# #|...|#######....| # #|.|..|..|..|......%|.[..|%..|...|####|...|# ###|...| ### #|.|..|..|..|......%|._..|!..|...|## #-----# #....| # #|.--------+-.......|.(_.|%(.|...-########## |..>| ### #|..................|....|%.$-...| # |...| --------- # #|.--------+------.----------|...| ########-...| |........###########|.|(.!!| ).|(((.-.| ...|((((|...| ----- |.......| # |.|.%..|...|(((.|.|.)..|((((|...| |..[....|### |.|.$..|...|(((.|.|....|.$..|...| |.......+# |.--|------------.----+---+--...| --------- |...............................| --------------------------------- Arrhythmia the Jail-bird Experience level: 8 Strength: 15 Dexterity: 16 Constitution: 19 Intelligence: 11 Wisdom: 8 Charisma: 6 Health: 0(83) Energy: 51(51) AC: -1 Gold: 709 Moves: 2202 Your Inventory: Coins $ - 709 gold pieces Armor b - a cursed +0 striped shirt (being worn) h - a [blessed] +0 pair of speed boots (being worn) i - a cursed -1 cloak of displacement s - a [blessed] +3 elven cloak (being worn) z - a cursed -1 elven mithril-coat (being worn) A - an [uncursed] +0 plumed helmet [helmet] (being worn) D - an [uncursed] +0 blue and green shield [elven] (being worn) I - a cursed [+0] pair of gloves called reg [leather] J - a cursed -2 pair of gloves called reg [leather] (being worn) Wands m - an uncursed wand of digging [0:7] p - an uncursed wand of digging [0:6] Tools o - an uncursed skeleton key y - a cursed [oil] lamp (lit) L - an uncursed [+0] unicorn horn Gems M - an [uncursed] violet gem [worthless glass] Iron balls c - an [uncursed] heavy iron ball (chained to you) (weapon in hand) Spells known in the end: Name Level Category Fail Memory Your skills at the end: Fighting Skills Weapon Skills sling [Basic / Skilled] Spellcasting Skills Final Attributes: You were piously aligned. Hunger level was 895. Your alignment was 20 / 21. Monster difficulty range was 1 - 7. Level difficulty was 7. You were immune to poison. You were immune to level-drain. You were immune to sickness. You were punished. You were stealthy. You could fly. You could survive without air. You regenerated. You were very fast. Your luck was zero. You are dead. Vanquished creatures: 2 small mimics a Green-elf a gray unicorn 5 water moccasins a fire ant a quasit a wood nymph a pony a fog cloud 3 gnome lords 2 gnomish wizards a wax golem 3 giant ants a floating eye 6 dwarves a rothe a centipede 2 gas spores 3 hobbits 2 yellow molds 42 gnomes 6 garter snakes a gecko a jackal a fox 3 goblins 2 sewer rats 2 grid bugs 4 lichens 2 kobold zombies 3 newts 106 creatures vanquished. Voluntary challenges: You went without food. You never hit with a wielded weapon. You read items or engraved 4 times. You put on armor 13 times. You never genocided any monsters. You never polymorphed an object. You never changed form. You used no wishes. You abstained from Elbereth's help. You encountered 1 bones level. You never used any Sokoban shortcuts. Dungeon overview: The Dungeons of Doom: levels 1 to 3 Level 1 a long staircase Level 2 an armor shop, a sink Level 3 stairs to The Gnomish Mines The Gnomish Mines: levels 4 to 7 Level 4 stairs to The Dungeons of Doom Level 7 <- You were here a lighting shop, a temple, a magic chest History has recorded: On T:1 you entered the Dungeons of Doom to retrieve the Amulet of Yendor! On T:128 you advanced to experience level 2. On T:272 you reached level 2 of The Dungeons of Doom. On T:748 you advanced to experience level 3. On T:770 you reached level 3 of The Dungeons of Doom. On T:818 you advanced to experience level 4. On T:862 you advanced to experience level 5. On T:1182 you reached level 1 of The Gnomish Mines. On T:1200 you advanced to experience level 6. On T:1375 you reached level 2 of The Gnomish Mines. On T:1397 you advanced to experience level 7. On T:1673 you reached level 3 of The Gnomish Mines. On T:1930 you reached level 4 of The Gnomish Mines. On T:1991 you advanced to experience level 8. Latest messages: The watch captain swings her silver saber. The silver sears your flesh! The watch captain hits! The watch captain swings her silver saber. The silver sears your flesh! The watch captain hits! [HP-40=34] [HP+1=35] [HP+1=36] [HP+1=37] You miss the watch captain. (2x) [HP+1=38] [HP+1=39] [HP+1=40] [HP+1=41] [HP+1=42] The watch captain swings her silver saber. The silver sears your flesh! The watch captain hits! The watch captain swings her silver saber. The silver sears your flesh! The watch captain hits! You die... Final status: Goodbye Arrhythmia the Convict... You died in The Gnomish Mines on dungeon level 7 with 4431 points, and 709 pieces of gold, after 2202 moves. You were level 8 with a maximum of 83 hit points when you died.